TOP OF THE 1ST |
---|
Kansas City Kings batting - Pitching for Austin River Sharks : RHP Albert Gonzáles | Pitching: RHP Albert Gonzáles | | Batting: RHB Chris Chandler | 0-0: Foul Ball, location: 2F 0-1: Ball 1-1: Foul Ball, location: 2F 1-2: Ball 2-2: SOLO HOME RUN (Flyball, 7LD), Distance : 387 ft | Batting: RHB Eric Fuller | 0-0: Ball 1-0: Ball 2-0: Swinging Strike 2-1: Ground out 4-3 (Groundball, 4) | Batting: RHB Toshimichi Kono | 0-0: Ball 1-0: Called Strike 1-1: Fly out, F7 (Flyball, 7D) | Batting: RHB Jeremy Carr | 0-0: Ground out 1-3 (Groundball, 13S) | Top of the 1st over - 1 run, 1 hit, 0 errors, 0 left on base; Kansas City 1 - Austin 0 | BOTTOM OF THE 1ST |
---|
Austin River Sharks batting - Pitching for Kansas City Kings : RHP Carlos Pacheco | Pitching: RHP Carlos Pacheco | | Batting: LHB José Liñares | 0-0: Called Strike 0-1: Ball 1-1: Ball 2-1: Fly out, F7 (Flyball, 7D) | Batting: RHB Júlio Figueroa | 0-0: Foul Ball, location: 2F 0-1: Ball 1-1: Swinging Strike 1-2: Ball 2-2: Strikes out looking | Batting: LHB Greg Nelson | 0-0: Called Strike 0-1: Fly out, F5 (Popup, 5S) | Bottom of the 1st over - 0 runs, 0 hits, 0 errors, 0 left on base; Kansas City 1 - Austin 0 | TOP OF THE 2ND |
---|
Kansas City Kings batting - Pitching for Austin River Sharks : RHP Albert Gonzáles | Batting: RHB Dave Parker | 0-0: Swinging Strike 0-1: Foul Ball, location: 2F 0-2: Ball 1-2: Fly out, F5 (Popup, 56S) | Batting: RHB Oliver Lugo | 0-0: Foul Ball, location: 2F 0-1: Ball 1-1: Foul Ball, location: 2F 1-2: Foul Ball, location: 2F 1-2: Ball 2-2: Strikes out looking | Batting: LHB Ron Crawford | 0-0: SINGLE (Line Drive, 9S) | Batting: LHB Greg Schultz | 0-0: Called Strike 0-1: Called Strike Ron Crawford is caught stealing 2nd base | Top of the 2nd over - 0 runs, 1 hit, 0 errors, 0 left on base; Kansas City 1 - Austin 0 | BOTTOM OF THE 2ND |
---|
Austin River Sharks batting - Pitching for Kansas City Kings : RHP Carlos Pacheco | Batting: RHB Edward Young | 0-0: Ball 1-0: Ball 2-0: Swinging Strike 2-1: Ball 3-1: Base on Balls | Batting: LHB Harry Pitts | 0-0: Called Strike 0-1: Ball 1-1: Foul Ball, location: 2F 1-2: Strikes out swinging | Batting: LHB Enrico Vargas | 0-0: Called Strike 0-1: Ball 1-1: Called Strike Pickoff Throw by Catcher to First - Error! E2 Edward Young to second 1-2: Ball 2-2: Ball 3-2: Base on Balls | Batting: RHB Tony Cruz | 0-0: Grounds into double play, 5-4-3 (Groundball, 56) | Bottom of the 2nd over - 0 runs, 0 hits, 1 error, 1 left on base; Kansas City 1 - Austin 0 | TOP OF THE 3RD |
---|
Kansas City Kings batting - Pitching for Austin River Sharks : RHP Albert Gonzáles | Batting: LHB Greg Schultz | 0-0: Called Strike 0-1: Reached on error, E6 (Groundball, 6) | Batting: RHB Gregg Nelson | 0-0: Called Strike 0-1: SINGLE (Line Drive, 89S) Greg Schultz to second | Batting: RHB Chris Chandler | 0-0: Called Strike 0-1: Foul Ball, location: 2F 0-2: Ball 1-2: SINGLE (Groundball, 6MD) Greg Schultz to third Gregg Nelson to second | Batting: RHB Eric Fuller | 0-0: Ball 1-0: Grounds into double play, 1-2-3 (Groundball, 13) Gregg Nelson to third Chris Chandler to second | Batting: RHB Toshimichi Kono | 0-0: Ball 1-0: Foul Ball, location: 2F 1-1: Called Strike 1-2: Ball 2-2: Fly out, F7 (Flyball, 7) | Top of the 3rd over - 0 runs, 2 hits, 1 error, 2 left on base; Kansas City 1 - Austin 0 | BOTTOM OF THE 3RD |
---|
Austin River Sharks batting - Pitching for Kansas City Kings : RHP Carlos Pacheco | Batting: RHB Richard Coker | 0-0: Ball 1-0: Ball 2-0: Foul Ball, location: 2F 2-1: Called Strike 2-2: Strikes out swinging | Batting: RHB Andy Aiton | 0-0: Ball 1-0: Ball 2-0: Ball 3-0: Called Strike 3-1: Foul Ball, location: 2F 3-2: Base on Balls | Batting: LHB José Liñares | 0-0: Ball 1-0: Swinging Strike 1-1: Ball 2-1: Ball 3-1: Called Strike 3-2: 2-RUN HOME RUN (Flyball, 9D), Distance : 414 ft | Batting: RHB Júlio Figueroa | 0-0: Ground out 4-3 (Groundball, 34) | Batting: LHB Greg Nelson | 0-0: Fly out, F6 (Line Drive, 6) | Bottom of the 3rd over - 2 runs, 1 hit, 0 errors, 0 left on base; Kansas City 1 - Austin 2 | TOP OF THE 4TH |
---|
Kansas City Kings batting - Pitching for Austin River Sharks : RHP Albert Gonzáles | Batting: RHB Jeremy Carr | 0-0: Ball 1-0: Ball 2-0: Called Strike 2-1: Ball 3-1: Fly out, F1 (Line Drive, 15S) | Batting: RHB Dave Parker | 0-0: SINGLE (Flyball, 78M) | Batting: RHB Oliver Lugo | 0-0: Called Strike 0-1: Swinging Strike 0-2: Foul Ball, location: 2F 0-2: Ball Wild Pitch! Dave Parker to second 1-2: Ground out 5-3 (Groundball, 56S) Dave Parker to third | Batting: LHB Ron Crawford | 0-0: Called Strike 0-1: Ball 1-1: Ball 2-1: Ball 3-1: Called Strike 3-2: Foul Ball, location: 2F 3-2: Ground out 4-3 (Groundball, 4) | Top of the 4th over - 0 runs, 1 hit, 0 errors, 1 left on base; Kansas City 1 - Austin 2 | BOTTOM OF THE 4TH |
---|
Austin River Sharks batting - Pitching for Kansas City Kings : RHP Carlos Pacheco | Batting: RHB Edward Young | 0-0: Ground out 4-3 (Groundball, 34D) | Batting: LHB Harry Pitts | 0-0: Called Strike 0-1: Swinging Strike 0-2: Foul Ball, location: 2F 0-2: Hit by Pitch | Batting: LHB Enrico Vargas | 0-0: Called Strike 0-1: Ball 1-1: Ball Harry Pitts steals 2nd base 2-1: Ball 3-1: Called Strike 3-2: SINGLE (Line Drive, 4D) Harry Pitts to third Runner from 3rd tries for Home, SAFE, throw made home | Batting: RHB Tony Cruz | 0-0: Ball 1-0: Called Strike 1-1: Called Strike 1-2: Foul Ball, location: 2F 1-2: Ball 2-2: Ball 3-2: Foul Ball, location: 2F 3-2: SINGLE (Groundball, 56D) Enrico Vargas to second | Batting: RHB Richard Coker | 0-0: Called Strike 0-1: Called Strike 0-2: Ball 1-2: Strikes out swinging | Batting: RHB Andy Aiton | 0-0: Called Strike 0-1: Foul Ball, location: 2F 0-2: Ball 1-2: Strikes out swinging | Bottom of the 4th over - 1 run, 2 hits, 0 errors, 2 left on base; Kansas City 1 - Austin 3 | TOP OF THE 5TH |
---|
Kansas City Kings batting - Pitching for Austin River Sharks : RHP Albert Gonzáles | Batting: LHB Greg Schultz | 0-0: Foul Ball, location: 2F 0-1: Ball 1-1: Ball 2-1: Foul Ball, location: 2F 2-2: Foul Ball, location: 2F 2-2: Ball 3-2: Strikes out swinging | Batting: RHB Gregg Nelson | 0-0: Ball 1-0: Ball 2-0: Ground out 4-3 (Groundball, 4) | Batting: RHB Chris Chandler | 0-0: SINGLE (Groundball, 5D) | Batting: RHB Eric Fuller | 0-0: Called Strike 0-1: Ball 1-1: Called Strike 1-2: Foul Ball, location: 2F 1-2: Foul Ball, location: 2F 1-2: Fly out, F9 (Line Drive, 9) | Top of the 5th over - 0 runs, 1 hit, 0 errors, 1 left on base; Kansas City 1 - Austin 3 | BOTTOM OF THE 5TH |
---|
Austin River Sharks batting - Pitching for Kansas City Kings : RHP Carlos Pacheco | Batting: LHB José Liñares | 0-0: Ball 1-0: Ball 2-0: Called Strike 2-1: Foul Ball, location: 2F 2-2: Foul Ball, location: 2F 2-2: Ground out 5-3 (Groundball, 5) | Batting: RHB Júlio Figueroa | 0-0: Foul Ball, location: 2F 0-1: Ball 1-1: Ground out 6-3 (Groundball, 6) | Batting: LHB Greg Nelson | 0-0: Ball 1-0: Foul Ball, location: 2F 1-1: Ground out 6-3 (Groundball, 6) | Bottom of the 5th over - 0 runs, 0 hits, 0 errors, 0 left on base; Kansas City 1 - Austin 3 | TOP OF THE 6TH |
---|
Kansas City Kings batting - Pitching for Austin River Sharks : RHP Albert Gonzáles | Batting: RHB Toshimichi Kono | 0-0: Ground out 3-1 (Groundball, 23) | Batting: RHB Jeremy Carr | 0-0: Ball 1-0: Ball 2-0: Ball 3-0: Ground out 6-3 (Groundball, 6) | Batting: RHB Dave Parker | 0-0: Called Strike 0-1: Ball 1-1: Swinging Strike 1-2: Ground out 6-3 (Groundball, 6) | Top of the 6th over - 0 runs, 0 hits, 0 errors, 0 left on base; Kansas City 1 - Austin 3 | BOTTOM OF THE 6TH |
---|
Austin River Sharks batting - Pitching for Kansas City Kings : RHP Carlos Pacheco | Batting: RHB Edward Young | 0-0: Ball 1-0: Ground out 3-1 (Groundball, 34) | Batting: LHB Harry Pitts | 0-0: Called Strike 0-1: Called Strike 0-2: Ball 1-2: Strikes out swinging | Batting: LHB Enrico Vargas | 0-0: Ball 1-0: Ball 2-0: Foul Ball, location: 2F 2-1: Ball 3-1: Fly out, F9 (Flyball, 89M) | Bottom of the 6th over - 0 runs, 0 hits, 0 errors, 0 left on base; Kansas City 1 - Austin 3 | TOP OF THE 7TH |
---|
Kansas City Kings batting - Pitching for Austin River Sharks : RHP Albert Gonzáles | Batting: RHB Oliver Lugo | 0-0: Ball 1-0: Called Strike 1-1: Ground out 1-3 (Groundball, 13S) | Batting: LHB Ron Crawford | 0-0: Ball 1-0: Foul Ball, location: 2F 1-1: Ground out 5-3 (Groundball, 56) | Batting: LHB Greg Schultz | 0-0: Called Strike 0-1: SINGLE (Groundball, 4MD) | Batting: RHB Gregg Nelson | 0-0: Swinging Strike 0-1: Swinging Strike 0-2: Ball 1-2: Strikes out swinging | Top of the 7th over - 0 runs, 1 hit, 0 errors, 1 left on base; Kansas City 1 - Austin 3 | BOTTOM OF THE 7TH |
---|
Austin River Sharks batting - Pitching for Kansas City Kings : RHP Carlos Pacheco | Pitching: RHP Nick Parks | | Batting: RHB Tony Cruz | 0-0: Called Strike 0-1: Ball 1-1: Ball 2-1: Called Strike 2-2: Fly out, F3 (Popup, 3SF) | Batting: RHB Richard Coker | 0-0: Called Strike 0-1: SINGLE (Flyball, 9S) | Batting: RHB Andy Aiton | 0-0: Ball 1-0: Called Strike 1-1: Ball 2-1: Foul Ball, location: 2F 2-2: Ball 3-2: Strikes out looking Richard Coker is caught stealing 2nd base Batter strikes out. | Bottom of the 7th over - 0 runs, 1 hit, 0 errors, 0 left on base; Kansas City 1 - Austin 3 | TOP OF THE 8TH |
---|
Kansas City Kings batting - Pitching for Austin River Sharks : RHP Albert Gonzáles | Pitching: RHP Jorge Delgado | | Batting: RHB Chris Chandler | 0-0: Ball 1-0: Foul Ball, location: 2F 1-1: Foul Ball, location: 2F 1-2: Ball 2-2: Ground out 6-3 (Groundball, 6M) | Batting: RHB Eric Fuller | 0-0: Swinging Strike 0-1: Swinging Strike 0-2: Foul Ball, location: 2F 0-2: Strikes out swinging | Batting: RHB Toshimichi Kono | 0-0: Ball 1-0: Swinging Strike 1-1: Fly out, F9 (Flyball, 9S) | Top of the 8th over - 0 runs, 0 hits, 0 errors, 0 left on base; Kansas City 1 - Austin 3 | BOTTOM OF THE 8TH |
---|
Austin River Sharks batting - Pitching for Kansas City Kings : RHP Nick Parks | Batting: LHB José Liñares | 0-0: Ball 1-0: Fly out, F8 (Flyball, 78M) | Batting: RHB Júlio Figueroa | 0-0: Foul Ball, location: 2F 0-1: Foul Ball, location: 2F 0-2: Ball 1-2: Ground out 6-3 (Groundball, 56) | Batting: LHB Greg Nelson | 0-0: Ball 1-0: Fly out, F7 (Flyball, 7LS) | Bottom of the 8th over - 0 runs, 0 hits, 0 errors, 0 left on base; Kansas City 1 - Austin 3 | TOP OF THE 9TH |
---|
Kansas City Kings batting - Pitching for Austin River Sharks : RHP Jorge Delgado | Pitching: RHP Paco Gutiérrez | | Batting: RHB Jeremy Carr | 0-0: Ball 1-0: Foul Ball, location: 2F 1-1: Fly out, F7 (Flyball, 7S) | Batting: RHB Dave Parker | 0-0: Reached on error, E1 (Groundball, P) | Batting: RHB Oliver Lugo | 0-0: Ball 1-0: Called Strike 1-1: Called Strike 1-2: Ball 2-2: Ball 3-2: Strikes out swinging Dave Parker steals 2nd base Batter strikes out. | Batting: LHB Ron Crawford | 0-0: Called Strike 0-1: Foul Ball, location: 2F 0-2: Strikes out swinging, 2-3 out at first. | Top of the 9th over - 0 runs, 0 hits, 1 error, 1 left on base; Kansas City 1 - Austin 3 | |